 Dungeon Crawl Stone Soup version 0.20.1-1-g8b1a95d (webtiles) character file.

814 slep the Skirmisher (level 7, -3/61 HPs)
             Began as a Minotaur Hunter on Nov 3, 2017.
             Was an Initiate of Qazlal.
             Slain by an ogre
             ... wielding a +0 giant club
              (14 damage)
             ... on level 6 of the Dungeon.
             The game lasted 00:21:57 (4269 turns).

slep the Skirmisher (Minotaur Hunter)               Turns: 4269, Time: 00:21:58

Health: -3/61      AC:  3    Str: 17    XL:     7   Next: 62%
Magic:  6/6        EV: 12    Int:  8    God:    Qazlal [......]
Gold:   407        SH:  0    Dex: 12    Spells: 6/6 levels left

rFire    . . .     SeeInvis .   D - +0 mace (holy)
rCold    . . .     Gourm    .   (no shield)
rNeg     . . .     Faith    .   b - +0 leather armour
rPois    .         Spirit   .   (helmet restricted)
rElec    .         Reflect  .   (no cloak)
rCorr    .         Harm     .   (no gloves)
MR       .....                  (no boots)
Stlth    +.........             q - amulet of regeneration
Regen    0.6/turn               (no ring)
MPRegen  0.1/turn               (no ring)

@: heavily drained
A: retaliatory headbutt, horns 2
a: Renounce Religion


You were on level 6 of the Dungeon.
You worshipped Qazlal.
Qazlal was noncommittal.
You were not hungry.

You visited 2 branches of the dungeon, and saw 7 of its levels.

You collected 407 gold pieces.

Inventory:

Hand Weapons
 a - a +0 short sword
 e - a +2 dagger of venom
 i - a +1 dagger of venom
 v - a +0 dagger of venom
 B - a +0 scimitar
 C - a +4 vampiric hand axe
 D - a +0 mace of holy wrath (weapon)
Missiles
 d - 6 javelins (quivered)
 m - 2 tomahawks
 E - a throwing net
Armour
 b - a +0 leather armour (worn)
Jewellery
 q - an amulet of regeneration (around neck)
 t - an uncursed amulet of harm
 K - an uncursed amulet of magic regeneration
Scrolls
 c - a scroll of fog {unknown}
 g - 3 scrolls of remove curse {unknown}
 j - 5 scrolls of identify {unknown}
 n - 5 scrolls of recharging {unknown}
 p - a scroll of immolation {unknown}
 s - 2 scrolls of blinking {unknown}
 u - a scroll of noise {unknown}
 y - 3 scrolls of fear {unknown}
 A - a scroll of teleportation {unknown}
 G - a scroll of random uselessness {unknown}
 J - a scroll of enchant weapon {unknown}
Potions
 h - 3 potions of mutation {unknown}
 k - a potion of agility {unknown}
 o - a potion of might {unknown}
 x - a potion of curing
 z - 2 potions of lignification {unknown}
 H - a potion of heal wounds {unknown}
 I - a potion of haste {unknown}
Books
 F - a book of Changes

   Spells                             Type                      Level
   a - Beastly Appendage              Transmutation                1
   b - Sticks to Snakes               Transmutation                2
   c - Spider Form                    Transmutation/Poison         3
   d - Ice Form                       Ice/Transmutation            4
   e - Blade Hands                    Transmutation                5
Comestibles
 f - 8 bread rations
 l - 8 fruits
 r - 4 royal jellies
 w - a meat ration
 L - 2 chunks of flesh


   Skills:
 + Level 5.2(3.5) Fighting
 + Level 4.7(3.0) Short Blades
 + Level 1.6(0.1) Maces & Flails
 + Level 5.1(3.4) Throwing
 + Level 4.3(2.7) Armour
 + Level 3.5(1.9) Dodging
 + Level 1.5(0.0) Stealth


You had 6 spell levels left.
You didn't know any spells.

Dungeon Overview and Level Annotations

Branches:
Dungeon (6/15)             Temple (1/1) D:4

Altars:
Ashenzari
Cheibriados
Fedhas
Gozag
Hepliaklqana
Kikubaaqudgha
Makhleb
Nemelex Xobeh
Okawaru
Qazlal
Ru
Sif Muna
Trog
Uskayaw
Vehumet
Xom
Yredelemnul
Zin
The Shining One


Innate Abilities, Weirdness & Mutations

You reflexively headbutt those who attack you in melee.
You have a pair of horns on your head.


Message History

You furiously retaliate!
You headbutt the frilled lizard, but do no damage.
The ogre closely misses you.
There is a stone staircase leading up, spattered with blood here.
You hit the ogre.
The ogre is lightly wounded.
The frilled lizard misses you. The ogre hits you with a giant club!!
A quokka comes into view.
You barely miss the ogre. You headbutt the ogre.
The ogre is moderately wounded.
The quokka barely misses you. The frilled lizard bites you.
The ogre hits you with a giant club!
* * * LOW HITPOINT WARNING * * *
The quokka misses you. You furiously retaliate!
You headbutt the quokka, but do no damage.
You hit the ogre.
The ogre is heavily wounded.
The frilled lizard closely misses you. The quokka misses you.
The ogre hits you with a giant club!
You die...

.. #.## ...#
... .[ #### .
####.#.....
....#..rl..####
.......@.......
######.O.......
#.........
#.$...)...
#........?
##########


You could see an ogre, a quokka and a frilled lizard.

Vanquished Creatures
  The ghost of Janblair101 the Covert, an amateur SpEn (D:4)
  A phantom (D:4)
  An orc warrior (D:4)
  A centaur (D:4)
  The ghost of WimpyRanger the Sneak, an amateur OpEn (D:3)
  The ghost of felicette the Skirmisher, a weakling MiFi (D:5)
  A centaur skeleton (D:3)
  An orc priest (D:4)
  2 orc wizards
  A hound skeleton (D:4)
  5 adders
  2 shadow imps
  3 worms
  4 dart slugs
  12 orcs
  2 ball pythons (D:2)
  4 giant cockroaches
  8 goblins
  6 hobgoblins
  6 jackals
  A quokka (D:4)
  4 bats
  6 frilled lizards
  8 kobolds
  A leopard gecko skeleton (D:5)
  10 rats
  A bush (D:4)
94 creatures vanquished.

Notes
Turn   | Place    | Note
-------+----------+-------------------------------------------
     0 | D:1      | slep the Minotaur Hunter began the quest for the Orb.
     0 | D:1      | Reached XP level 1. HP: 18/18 MP: 0/0
   120 | D:1      | Reached XP level 2. HP: 7/25 MP: 1/1
   555 | D:1      | Reached XP level 3. HP: 27/30 MP: 2/2
  1184 | D:2      | Reached skill level 1 in Armour
  1504 | D:3      | Reached skill level 1 in Short Blades
  1504 | D:3      | Reached XP level 4. HP: 28/37 MP: 3/3
  1562 | D:3      | Reached skill level 1 in Stealth
  1585 | D:3      | Found a radiant altar of Vehumet.
  1762 | D:3      | Reached XP level 5. HP: 31/45 MP: 4/4
  1863 | D:3      | Noticed WimpyRanger's ghost (amateur OpEn)
  1894 | D:3      | Killed WimpyRanger's ghost
  2242 | D:4      | Noticed Janblair101's ghost (amateur SpEn)
  2270 | D:4      | Killed Janblair101's ghost
  2270 | D:4      | Reached skill level 5 in Throwing
  2270 | D:4      | Reached XP level 6. HP: 42/52 MP: 5/5
  2315 | D:4      | Noticed an orc warrior
  2332 | D:4      | Killed an orc warrior
  2342 | D:4      | Reached XP level 7. HP: 16/59 MP: 6/6
  2783 | D:4      | Found a staircase to the Ecumenical Temple.
  2792 | Temple   | Entered the Ecumenical Temple
  2985 | Temple   | Became a worshipper of Qazlal Stormbringer
  3075 | D:4      | Found a blossoming altar of Fedhas.
  3112 | D:4      | Reached skill level 5 in Fighting
  3112 | D:4      | Reached skill level 1 in Maces & Flails
  3415 | D:5      | Entered Level 5 of the Dungeon
  3550 | D:5      | Found a sacrificial altar of Ru.
  3700 | D:5      | Noticed felicette's ghost (weakling MiFi)
  3704 | D:5      | Killed felicette's ghost
  4269 | D:6      | Slain by an ogre

Skill      XL: |  1  2  3  4  5  6  7 |
---------------+----------------------+-----
Armour         | 2 3 4 |  4.3
Short Blades   | 1 2 3 4 |  4.7
Stealth        | 1 |  1.5
Fighting       | 3 4 5 |  5.2
Throwing       | 5 |  5.1
Dodging        | 3 |  3.5
Maces & Flails | 1 |  1.6

Action                   |  1- 3 |  4- 6 |  7- 9 || total
-------------------------+-------+-------+-------++-------
Melee: Short sword       |    10 |       |       ||    10
       Dagger            |    63 |   125 |       ||   188
       Headbutt          |     8 |    11 |    37 ||    56
       Mace              |       |       |   159 ||   159
Throw: Javelin           |     2 |     2 |    13 ||    17
       Throwing net      |       |       |     2 ||     2
       Tomahawk          |       |       |     2 ||     2
  Use: Potion            |       |     1 |       ||     1
  Eat: Chunk             |     2 |     3 |     6 ||    11
Armor: Leather armour    |    23 |    16 |    14 ||    53
Dodge: Dodged            |    39 |    54 |    65 ||   158
